 Dungeon Crawl Stone Soup version 0.31.0-9-g3a7656b989 (webtiles) character file.

Game seed: 5671198006866624139

2 qw the Shooter (level 1, 0/12 HPs)
             Began as a Deep Elf Hunter on Feb 2, 2024.
             Slain by a goblin
             ... wielding a +0 club
              (2 damage)
             ... on level 1 of the Dungeon.
             The game lasted 00:00:00 (40 turns).

qw the Shooter (Deep Elf Hunter)                      Turns: 40, Time: 00:00:00

Health: 0/12       AC:  3    Str:  8    XL:     1   Next: 33%
Magic:  3/3        EV: 12    Int: 13    God:
Gold:   0          SH:  0    Dex: 18    Spells: 0/0 levels left

rFire   . . .        a - +0 shortbow
rCold   . . .        (shield currently unavailable)
rNeg    . . .        c - +0 leather armour
rPois   .            (no helmet)
rElec   .            (no cloak)
rCorr   .            (no gloves)
SInv    .            (no boots)
Will    .....        (no amulet)
Stlth   ++           (no ring)
HPRegen 0.22/turn    (no ring)
MPRegen 0.08/turn

%: no passive effects
@: no status effects
A: no striking features
a: no special abilities


You were on level 1 of the Dungeon.
You visited 1 branch of the dungeon, and saw 1 of its levels.


   Skills:
 - Level 1.5 Fighting
 + Level 5.5 Ranged Weapons
 - Level 2.4 Dodging
 - Level 1.2 Stealth


You couldn't memorise any spells.
You didn't know any spells.
Your spell library was empty.

Inventory:

Hand Weapons
 a - a +0 shortbow (weapon)
Armour
 c - a +0 leather armour (worn)
Scrolls
 b - a scroll of butterflies
 d - a scroll of fear {unknown}
Potions
 e - a potion of haste {unknown}

Dungeon Overview and Level Annotations

Branches:
Dungeon (1/15)

Altars:


Message History

0 ||| PLANNING D:1-11 You open the door.
Found a hand axe.
There is an open door here.
You see here a +0 hand axe.
You open the door.
There is an open door here.
A hobgoblin comes into view.
You shoot an arrow. The arrow hits the hobgoblin!
You kill the hobgoblin!
d - a scroll labelled QAURIA NEGIF
e - a glowing yellow potion A kobold comes into view.
It is wielding a +0 short sword.
The kobold shouts!
A goblin comes into view. It is wielding a +0 club.
You shoot an arrow. The arrow barely misses the goblin.
The goblin shouts!
You hear an angry hiss.
You shoot an arrow. The arrow closely misses the goblin.
The kobold throws a stone.
The stone barely misses you.
You shoot an arrow. The arrow closely misses the goblin.
You shoot an arrow. The arrow closely misses the goblin.
The kobold throws a stone.
The stone closely misses you. The goblin hits you but does no damage.
You shoot an arrow. The arrow barely misses the goblin.
A frilled lizard comes into view.
The goblin hits you with a +0 club.
You shoot an arrow. The arrow barely misses the goblin.
The arrow hits the kobold.
You kill the kobold!
The goblin hits you with a +0 club.
You shoot an arrow. The arrow closely misses the goblin.
The goblin misses you.
You shoot an arrow. The arrow hits the goblin.
The goblin is heavily wounded.
The goblin hits you with a +0 club.
You shoot an arrow. The arrow hits the goblin.
The goblin is severely wounded.
The goblin hits you with a +0 club.
You die...

##...##.....+
#...##.##### +8.8').#
#+# . ##.##..# #.# ..
#.###'######.# ...
#+##.........# ....
##.........# .....
..............###......
#####..........@gl.....
##.................
#####.............
#.............
#%............
#........####.
####.....# #~....#


You could see a goblin and a frilled lizard.

Vanquished Creatures
  A hobgoblin (D:1)
  A kobold (D:1)
2 creatures vanquished.

Notes
Turn   | Place    | Note
-------+----------+-------------------------------------------
     0 | D:1      | qw the Deep Elf Hunter began the quest for the Orb.
     0 | D:1      | Reached XP level 1. HP: 12/12 MP: 3/3
     0 | D:1      | 0 ||| qw: Version: 0.3-a-155-g5e7d8dd
     0 | D:1      | 0 ||| qw: Game counter: 1697
     0 | D:1      | 0 ||| qw: Melee chars always use a shield: true
     0 | D:1      | 0 ||| qw: God list: Okawaru
     0 | D:1      | 0 ||| qw: Allow faded altars: false
     0 | D:1      | 0 ||| qw: Do Orc after clearing Dungeon:15 true
     0 | D:1      | 0 ||| qw: Do second Lair branch before Depths: true
     0 | D:1      | 0 ||| qw: Lair rune preference: random
     0 | D:1      | 0 ||| qw: Goals: Normal
     0 | D:1      | 0 ||| PLANNING D:1-11
    39 | D:1      | HP: 2/12 [goblin/+0 club (4)]
    40 | D:1      | Slain by a goblin

Levels and vault maps discovered:
D:1:      wander_arrival_chamber, layout_basic, dk_noncrumbling_3,
          chequers_serial_rivers_small_a, hex_tiny

Action                     || total
---------------------------++-------
   Fire: Shortbow          ||    10
 Armour: Leather armour    ||     5
  Dodge: Dodged            ||     3

Table legend:
 A = Non-vault XP
 B = Vault XP
 C = Vault XP percentage of total XP
 D = Non-vault monster count
 E = Vault monster count
 F = Vault count percentage of total count
                 A         B        C        D         E       F
            +---------+---------+-------+---------+---------+-------
      Total |       4 |       0 |   0.0 |       2 |       0 |   0.0
            +---------+---------+-------+---------+---------+-------
        D:1 |       4 |       0 |   0.0 |       2 |       0 |   0.0
            +---------+---------+-------+---------+---------+-------
